Map: World of Sleepers LE

Players

ViBE - Winner!

  • Race: Terran Terran
  • League: Diamond
  • Spawn Location: 1:00

Rexxor

  • Race: Protoss Protoss
  • League: Diamond
  • Spawn Location: 7:00

VOD

Have the link to the VOD?

Description

Time

  • Played on: Dec. 17, 2019, 7:11 p.m.
  • Length: 15:45
Show
View Real Time Build Order
Export as new Build Order

ViBE Terran - Winner!

Build Orders: 2 Factory, Mech 

Get SALT Encoding   

  12  0:00  SCV  
  13  0:12  SCV  
  14  0:18  Supply Depot  
  14  0:24  SCV  
  15  0:39  SCV  
  16  0:44  Barracks  
  16  0:47  Refinery  
  16  0:52  SCV  
  17  1:04  SCV  
  18  1:16  SCV  
  19  1:28  SCV  
  20  1:40  Reaper  
  20  1:44  Command Center  
  21  1:51  Orbital Command  
  21  2:04  Supply Depot  
  21  2:16  Factory  
  21  2:17  Refinery, SCV  
  22  2:29  SCV  
  23  2:37  Barracks Tech Lab  
  23  2:41  SCV  
  24  2:53  SCV  
  26  3:05  SCV  
  26  3:10  Supply Depot  
  26  3:17  SCV  
  27  3:22  Factory  
  27  3:27  Orbital Command  
  27  3:29  SCV  
  27  3:30  Barracks Tech Lab  
  28  3:36  Cyclone  
  31  3:42  SCV  
  31  3:46  Mag-Field Accelerator  
  32  3:53  SCV  
  32  3:54  SCV  
  34  4:05  SCV  
  34  4:06  SCV  
  36  4:12  Cyclone  
  39  4:17  SCV  
  39  4:18  SCV  
  39  4:19  Command Center  
  39  4:23  Cyclone  
  43  4:30  SCV x2  
  45  4:33  Supply Depot  
  45  4:42  SCV x2  
  45  4:43  Supply Depot  
  47  4:46  Cyclone  
  47  4:50  Refinery  
  47  4:51  Refinery  
  50  4:54  SCV x2  
  50  4:55  Cyclone  
  50  4:57  Supply Depot  
  50  4:59  Supply Depot  
  55  5:00  Engineering Bay  
  55  5:06  SCV x2  
  57  5:08  Factory  
  57  5:18  SCV x2  
  59  5:23  Armory  
  59  5:30  SCV x2  
  59  5:33  Cyclone  
  59  5:34  Orbital Command  
  64  5:40  Command Center  
  64  5:42  SCV  
  65  5:43  SCV  
  66  5:59  Cyclone, Factory Reactor  
  66  6:00  SCV x3  
  72  6:23  SCV x3  
  72  6:25  Cyclone  
  78  6:31  Cyclone  
  81  6:32  Supply Depot  
  81  6:34  Supply Depot x2  
  81  6:35  Missile Turret, SCV x3  
  81  6:39  Missile Turret  
  84  6:57  Cyclone  
  84  7:00  Orbital Command, SCV, Hellion x2  
  84  7:01  SCV  
  94  7:03  Cyclone  
  96  7:11  Command Center  
  96  7:12  SCV  
  96  7:13  SCV  
  89  7:25  SCV x2  
  89  7:26  SCV  
  89  7:29  Cyclone  
  95  7:35  Cyclone, Terran Vehicle Weapons Level 1  
  96  7:37  SCV x2  
  96  7:38  SCV  
  96  7:39  Armory  
  96  7:42  Factory  
  96  7:43  Factory  
  99  7:44  Hellion x2  
  99  7:49  SCV x2  
  101  7:54  Refinery  
  101  7:56  Refinery  
  101  7:57  Missile Turret  
  101  7:59  Planetary Fortress  
  101  8:01  SCV x3  
  104  8:06  Cyclone  
  104  8:07  Cyclone  
  104  8:08  Hellion  
  104  8:09  Hellion  
  114  8:13  SCV x3  
  117  8:26  Command Center  
  117  8:28  Factory Tech Lab, Factory Reactor  
  117  8:33  Hellion x2  
  121  8:39  Cyclone x2  
  127  8:45  Terran Vehicle And Ship Armor Level 1  
  127  8:47  SCV x3  
  130  8:49  SCV  
  130  8:51  Refinery x2  
  131  9:11  Missile Turret, SCV x4  
  135  9:17  Cyclone  
  135  9:18  Cyclone x2, Hellion  
  135  9:19  Hellion x3  
  135  9:23  SCV  
  153  9:27  Planetary Fortress  
  153  9:31  Factory  
  153  9:32  Factory  
  153  9:34  Factory  
  153  9:37  Factory  
  153  9:38  Factory  
  153  9:40  Factory  
  153  9:52  Thor x2  
  159  9:54  Hellbat x2  
  169  10:03  Missile Turret  
  169  10:04  Refinery  
  169  10:06  Command Center  
  169  10:09  Supply Depot  
  169  10:10  Supply Depot  
  169  10:11  Supply Depot x2  
  169  10:12  Neosteel Armor  
  169  10:13  Terran Vehicle Weapons Level 2  
  169  10:15  Smart Servos  
  169  10:18  Infernal Pre-Igniter  
  169  10:31  Hellion, Hellbat  
  171  10:44  SCV  
  171  10:45  SCV  
  171  10:46  Thor x3  
  171  10:47  Hellion x2  
  166  11:31  Thor  
  166  11:32  Thor x2  
  181  11:33  Hellbat x3  
  181  11:34  Hellbat  
  181  11:39  Planetary Fortress  
  189  11:49  Factory Tech Lab x2  
  189  11:50  Factory Tech Lab x2, Factory Reactor x2  
  189  11:52  Hi-Sec Auto Tracking  
  189  11:54  Refinery  
  189  11:56  Terran Vehicle And Ship Armor Level 2  
  189  11:58  Missile Turret, Refinery  
  189  12:13  Thor  
  189  12:15  Hellbat x2  
  196  12:16  Hellbat x2  
  196  12:18  Hellbat  
  196  12:19  Hellbat  
  196  12:20  SCV  
  200  13:09  Command Center  
  200  13:18  Command Center  
  200  13:19  Command Center  
  200  13:20  Command Center  
  200  13:23  Command Center  
  200  13:27  Command Center  
  200  13:29  Factory, Command Center  
  200  13:31  Factory  
  200  13:32  Factory, Hellion  
  200  13:33  Command Center x2  
  200  13:35  Factory  
  200  13:36  Factory x2  
  200  13:45  Planetary Fortress  
  200  14:06  Missile Turret  
  198  14:28  Missile Turret  
  198  14:31  Missile Turret  
  198  14:32  Missile Turret x4  
  198  14:34  Missile Turret  
  198  14:35  Missile Turret  
  196  14:50  Missile Turret  
  190  14:53  Orbital Command  
  190  14:54  Orbital Command x4, Missile Turret x2  
  190  14:56  Missile Turret x3  
  190  14:58  Missile Turret  
  190  14:59  Missile Turret  
  187  15:06  Command Center  
  185  15:13  Hellbat  
  185  15:14  SCV x2  
  197  15:15  Missile Turret, SCV x2  
  197  15:16  SCV  
  197  15:19  Missile Turret, Hellbat  
  197  15:20  Missile Turret  
  197  15:21  Missile Turret  
  197  15:22  Missile Turret x2  
  197  15:23  Missile Turret  
  197  15:26  Missile Turret, SCV  
  197  15:35  Factory Tech Lab  
  197  15:36  Factory Tech Lab x3, Factory Reactor  
  197  15:37  Factory Reactor  
  197  15:39  Missile Turret  
  197  15:41  Missile Turret  
  195  15:44  Missile Turret  
Show
View Real Time Build Order
Export as new Build Order

Rexxor Protoss 

Build Orders: Carriers 

Get SALT Encoding   

  12  0:03  Probe  
  13  0:15  Probe  
  14  0:25  Pylon  
  14  0:27  Probe  
  15  0:43  Probe (Chrono Boost)  
  15  0:49  Gateway  
  16  0:52  Probe (Chrono Boost)  
  16  0:56  Forge  
  17  0:57  Probe  
  18  1:09  Probe (Chrono Boost)  
  19  1:15  Pylon  
  19  1:21  Probe (Chrono Boost)  
  20  1:28  Probe (Chrono Boost)  
  21  1:38  Cybernetics Core  
  21  1:44  Photon Cannon  
  21  1:50  Probe  
  22  2:03  Nexus  
  22  2:05  Probe  
  23  2:17  Photon Cannon  
  23  2:19  Probe  
  24  2:43  Nexus  
  24  2:45  Probe  
  25  2:57  Assimilator  
  22  3:25  Assimilator  
  22  3:26  Probe  
  23  3:32  Assimilator  
  23  3:34  Assimilator  
  23  3:35  Pylon  
  23  3:39  Photon Cannon  
  23  3:40  Stalker  
  25  3:48  Photon Cannon  
  22  4:05  Photon Cannon, Probe (Chrono Boost)  
  22  4:08  Probe (Chrono Boost)  
  23  4:13  Probe (Chrono Boost)  
  24  4:23  Probe (Chrono Boost)  
  25  4:29  Probe (Chrono Boost)  
  25  4:31  Probe x2 (Chrono Boost)  
  29  4:41  Probe (Chrono Boost)  
  29  4:42  Probe (Chrono Boost)  
  30  4:50  Probe (Chrono Boost), Pylon  
  31  4:55  Probe (Chrono Boost)  
  33  5:00  Probe x2 (Chrono Boost)  
  35  5:10  Probe (Chrono Boost)  
  35  5:11  Probe (Chrono Boost)  
  35  5:13  Probe (Chrono Boost), Stargate  
  37  5:20  Stargate  
  37  5:24  Probe (Chrono Boost)  
  37  5:26  Probe (Chrono Boost)  
  39  5:34  Probe (Chrono Boost)  
  42  5:36  Probe (Chrono Boost)  
  42  5:39  Probe (Chrono Boost)  
  42  5:41  Probe (Chrono Boost)  
  44  5:43  Probe (Chrono Boost)  
  44  5:46  Probe (Chrono Boost)  
  44  5:49  Pylon  
  45  5:52  Probe  
  45  5:54  Shield Battery  
  45  5:56  Pylon  
  46  5:57  Void Ray (Chrono Boost)  
  46  5:58  Probe  
  46  6:04  Pylon  
  51  6:09  Gateway  
  49  6:12  Void Ray (Chrono Boost)  
  53  6:25  Pylon  
  53  6:29  Forge  
  53  6:34  Void Ray (Chrono Boost)  
  53  6:37  Probe (Chrono Boost)  
  54  6:47  Probe (Chrono Boost)  
  58  6:59  Void Ray (Chrono Boost)  
  58  7:06  Cybernetics Core  
  58  7:19  Void Ray (Chrono Boost)  
  50  7:26  Probe  
  55  7:39  Probe  
  55  7:43  Pylon  
  56  7:48  Pylon  
  56  7:51  Probe  
  57  7:52  Shield Battery x2  
  57  7:56  Void Ray x2, Shield Battery x2  
  65  8:01  Pylon  
  65  8:03  Probe  
  65  8:05  Forge  
  66  8:09  Assimilator  
  66  8:14  Probe (Chrono Boost), Assimilator  
  69  8:21  Probe (Chrono Boost)  
  69  8:22  Probe (Chrono Boost)  
  69  8:24  Probe (Chrono Boost), Protoss Air Armor Level 1 (Chrono Boost)  
  69  8:27  Pylon  
  70  8:28  Probe (Chrono Boost)  
  70  8:29  Probe x2 (Chrono Boost), Pylon  
  73  8:39  Void Ray x2, Probe  
  73  8:40  Probe  
  73  8:41  Probe  
  84  8:42  Photon Cannon  
  84  8:51  Photon Cannon  
  84  8:52  Photon Cannon  
  84  8:53  Probe  
  84  8:54  Photon Cannon  
  85  8:56  Photon Cannon  
  85  9:05  Probe  
  86  9:14  Protoss Shields Level 1  
  86  9:17  Probe  
  87  9:25  Fleet Beacon  
  86  9:37  Nexus  
  80  9:41  Assimilator  
  80  9:43  Void Ray (Chrono Boost)  
  80  9:44  Void Ray (Chrono Boost), Assimilator  
  88  10:08  Photon Cannon  
  88  10:12  Photon Cannon  
  88  10:21  Carrier x2 (Chrono Boost)  
  88  10:22  Robotics Facility  
  88  10:25  Pylon  
  88  10:27  Pylon  
  100  10:30  Protoss Air Weapons Level 1 (Chrono Boost)  
  100  10:32  Pylon  
  100  10:38  Shield Battery  
  76  11:20  Carrier  
  76  11:22  Carrier  
  88  11:48  Probe (Chrono Boost)  
  89  11:58  Probe (Chrono Boost)  
  90  12:03  Probe (Chrono Boost)  
  91  12:13  Stargate  
  91  12:15  Probe  
  92  12:20  Protoss Air Armor Level 2 (Chrono Boost)  
  92  12:22  Carrier (Chrono Boost)  
  92  12:25  Shield Battery x2  
  92  12:27  Probe  
  99  12:30  Shield Battery  
  99  12:31  Carrier (Chrono Boost)  
  99  12:33  Shield Battery  
  102  13:18  Tempest  
  102  13:19  Carrier  
  105  13:27  Carrier  
  105  13:32  Pylon  
  102  13:34  Pylon  
  102  13:36  Pylon  
  102  13:40  Observer  
  103  14:01  Observer  
Tags
 
Add a new tag
Caveats
  • Supply blocks, unpowered buildings, or Contaminate may cause inaccurate times.
  • Supply counts are checked every 10 seconds.